 Dungeon Crawl Stone Soup version 0.30-a0-462-gd5975efbca (webtiles) character file.

Game seed: 17189272432123999853

56 zishaf the Magician (level 4, 0/33 HPs)
             Began as a Djinni Venom Mage on Dec 16, 2022.
             Slain by Grinder (3 damage)
             ... on level 3 of the Dungeon.
             The game lasted 00:03:21 (1713 turns).

zishaf the Magician (Djinni Venom Mage)             Turns: 1713, Time: 00:03:21

Health: 0/33       AC:  2    Str:  7    XL:     4   Next: 17%
Gold:   111        EV: 12    Int: 18    God:
                   SH:  0    Dex: 14

rFire   + + .      SeeInvis .    c - +1 short sword (freeze)
rCold   x . .      Faith    .    (no shield)
rNeg    . . .      Spirit   .    a - +0 robe
rPois   ∞          Reflect  .    (no helmet)
rElec   .          Harm     .    (no cloak)
rCorr   .          Rampage  .    (no gloves)
Will    .....                    (boots unavailable)
Stlth   ++........               (no amulet)
HPRegen 0.25/turn                (no ring)
MPRegen 0.00/turn                (no ring)

@: flying
A: sickness immunity, fire resistance 2, cold vulnerability 1, float, innate
caster, HP casting, extra vitality 1
a: no special abilities


You were on level 3 of the Dungeon.
You visited 1 branch of the dungeon, and saw 3 of its levels.

You collected 111 gold pieces.

Inventory:

Hand Weapons
 b - a +0 dagger
 c - a +1 short sword of freezing (weapon)
Armour
 a - a +0 robe (worn)
Jewellery
 f - a ring of fire
Scrolls
 d - a scroll of teleportation {unknown}
 h - 2 scrolls of magic mapping {unknown}
 i - a scroll of acquirement {unknown}
Potions
 e - a potion of degeneration {unknown}
 g - 2 potions of magic {unknown}
 j - a potion of resistance {unknown}
 k - 2 potions of brilliance {unknown}


   Skills:
 + Level 2.3 Fighting
 - Level 2.1 Dodging
 - Level 1.5 Stealth
 + Level 3.1 Spellcasting


You couldn't memorise any spells.
You knew the following spells:

 Your Spells              Type           Power      Damage    Failure   Level
a - Sting                 Tmut/Pois      56%        1d5       4%          1
b - Poisonous Vapours     Pois/Air       28%        N/A       7%          2
z - Mephitic Cloud        Conj/Pois/Air  14%        N/A       13%         3
A - Olgreb's Toxic Radia  Pois           14%        N/A       41%         4
M - Apportation           Tloc           28%        N/A       4%          1
Your spell library was empty.

Dungeon Overview and Level Annotations

Branches:
Dungeon (3/15)

Altars:

Annotations:
D:3 Grinder


Innate Abilities, Weirdness & Mutations

You are immune to sickness and miasma.
You are immune to poison.
Your flesh is very heat resistant. (rF++)
You are vulnerable to cold. (rC-)
You float through the air rather than walking.
You learn spells naturally, not from books.
Your magical power is your life essence.
You have superior vitality. (+4 MHP)


Message History

Okay, then.
Casting: Sting (safe; 4% risk of failure)
Confirm with . or Enter, or press ? or * to list all spells.
Aiming: Sting (safe; 4% risk of failure)
Press: ? - help, Shift-Dir - straight line, f - Grinder
Aim: Grinder (68% to hit)
The sting hits Grinder but does no damage.
Grinder is poisoned.
Grinder gestures at you.
You shrug off the repeated paralysis!
Casting: Sting (safe; 4% risk of failure)
Confirm with . or Enter, or press ? or * to list all spells.
Aiming: Sting (safe; 4% risk of failure)
Press: ? - help, Shift-Dir - straight line, f/p - Grinder
Aim: Grinder (poisoned, 68% to hit)
The sting misses Grinder.
Grinder gestures at you.
You suddenly lose the ability to move!
Grinder hits you.
You writhe in agony.
Grinder hits you but does no damage.
You can move again.
Casting: Sting (safe; 4% risk of failure)
Confirm with . or Enter, or press ? or * to list all spells.
Aiming: Sting (safe; 4% risk of failure)
Press: ? - help, Shift-Dir - straight line, f/p - Grinder
Aim: Grinder (lightly wounded, poisoned, 68% to hit)
The sting hits Grinder.
Grinder partially resists.
Grinder is lightly wounded.
Grinder hits you!
Casting: Sting (safe; 4% risk of failure)
Confirm with . or Enter, or press ? or * to list all spells.
Aiming: Sting (safe; 4% risk of failure)
Press: ? - help, Shift-Dir - straight line, f/p - Grinder
Aim: Grinder (lightly wounded, poisoned, 68% to hit)
The sting hits Grinder.
Grinder partially resists.
Grinder looks even sicker.
Grinder is lightly wounded.
Grinder hits you!
* * * LOW HITPOINT WARNING * * *
You writhe in agony.
You die...

#........
#........
#........
#........
#........
###........
#...5...(..
#..@# #...#
#######...###
............#
..#####...#.#
#####.# #.#
#.# #.#


You could see Grinder (very poisoned).

Vanquished Creatures
  A worm (D:2)
  2 dart slugs
  4 endoplasms
  3 giant cockroaches
  3 hobgoblins
  8 jackals
  3 kobolds
  3 quokkas
  3 ball pythons (D:1)
  4 bats (D:1)
  3 frilled lizards (D:1)
  2 goblins
  5 rats
44 creatures vanquished.

Notes
Turn   | Place    | Note
-------+----------+-------------------------------------------
     0 | D:1      | zishaf the Djinni Venom Mage began the quest for the Orb.
     0 | D:1      | zishaf set off with the following spells memorised: Sting,
                  | Poisonous Vapours, Mephitic Cloud, Olgreb's Toxic Radiance.
     0 | D:1      | Reached XP level 1. HP: 15/15 MP: 0/0
   223 | D:1      | Reached skill level 1 in Fighting
   223 | D:1      | Reached XP level 2. HP: 20/22 MP: 0/0
   318 | D:1      | Found a faded altar of an unknown god.
   559 | D:1      | Reached XP level 3. HP: 26/27 MP: 0/0
   559 | D:1      | Learned a level 1 spell: Apportation
  1239 | D:2      | Reached skill level 3 in Spellcasting
  1479 | D:2      | Reached XP level 4. HP: 32/33 MP: 0/0
  1702 | D:3      | Noticed Grinder
  1702 | D:3      | Paralysed by Grinder for 4 turns
  1707 | D:3      | Paralysed by Grinder for 5 turns
  1713 | D:3      | Slain by Grinder

Illustrated notes

Levels and vault maps discovered:
D:1:      dpeg_arrival_simpleton_a, layout_loops_ring,
          shapermc_ecumenical_altar_pompeii, roderic_lattice_a
D:2:      layout_rooms
D:3:      layout_basic, nzn_wu_jian_council_hall, uniq_terence, uniq_grinder

Skill      XL: |  1  2  3 |
---------------+----------+-----
Fighting       | 1 2 |  2.3
Spellcasting   | 3 |  3.1
Dodging        | |  2.1
Stealth        | |  1.5

Action                   |  1- 3 |  4- 6 || total
-------------------------+-------+-------++-------
Melee: Short sword       |     3 |       ||     3
 Cast: Sting             |    85 |    17 ||   102
Armor: Robe              |     5 |     2 ||     7
Dodge: Dodged            |    34 |     1 ||    35

Table legend: (Time is in decaauts)
 A = Elapsed time spent in this place.
 B = Non-inter-level travel time spent in this place.
 C = Inter-level travel time spent in this place.
 D = Time resting spent in this place.
 E = Time spent auto-exploring this place.
 F = Levels seen in this place.
 G = Mean time per level.
                   A        B        C        D        E       F      G
               +--------+--------+--------+--------+--------+-----+--------+
         Total |   1711 |   1656 |     55 |      0 |   1402 |   3 |  570.3 |
       Dungeon |   1711 |   1656 |     55 |      0 |   1402 |   3 |  570.3 |
               +--------+--------+--------+--------+--------+-----+--------+

Top non-repeatable levels by time:
     D:1: 1073 daAuts
     D:2: 594 daAuts
     D:3: 43 daAuts
